 Dungeon Crawl Stone Soup version 0.26-a0-712-ga5a9c9c9d0 (webtiles) character file.

Game seed: 9548949606327260392

1007 YaKYVw9Xmp the Frost Mage (level 8, -1/41 HPs)
             Began as a Deep Elf Ice Elementalist on Nov 7, 2020.
             Shot with an arrow by a centaur (7 damage)
             ... on level 5 of the Dungeon.
             The game lasted 00:40:43 (5531 turns).

YaKYVw9Xmp the Frost Mage (DEIE)                    Turns: 5531, Time: 00:40:44

Health: -1/41      AC:  6    Str:  7    XL:     8   Next: 0%
Magic:  17/20      EV: 17    Int: 21    God:
Gold:   188        SH:  0    Dex: 15    Spells: 17/21 levels left

rFire    . . .     SeeInvis .   r - +3 short sword
rCold    . . .     Faith    .   (no shield)
rNeg     + . .     Spirit   .   e - +0 leather armour
rPois    .         Reflect  .   (no helmet)
rElec    .         Harm     .   (no cloak)
rCorr    .         Rampage  .   d - +0 pair of gloves
MR       .....                  v - +1 pair of boots
Stlth    ++........             (no amulet)
HPRegen  0.13/turn              f - ring of positive energy
MPRegen  0.17/turn              o - +4 ring of evasion

@: frozen ramparts
A: no striking features
a: no special abilities


You were on level 5 of the Dungeon.
You visited 1 branch of the dungeon, and saw 6 of its levels.

You collected 188 gold pieces.

Inventory:

Hand Weapons
 l - a +0 hunting sling
 r - a +3 short sword (weapon)
 z - a +1 vampiric whip
Missiles
 c - 142 stones
 y - a throwing net (quivered)
 B - 17 sling bullets
 C - 2 boomerangs
Armour
 a - a +0 robe
 d - a +0 pair of gloves (worn)
 e - a +0 leather armour (worn)
 v - a +1 pair of boots (worn)
Jewellery
 f - a ring of positive energy (left hand)
 o - a +4 ring of evasion (right hand)
Wands
 s - a wand of enslavement (10)
Scrolls
 b - a scroll of remove curse
 h - 2 scrolls of enchant armour
 j - a scroll of fear
 k - 4 scrolls of teleportation
 n - a scroll of magic mapping
 t - 2 scrolls of blinking {unknown}
 w - a scroll of fog {unknown}
 A - a scroll of enchant weapon {unknown}
Potions
 g - 2 potions of might {unknown}
 i - 4 potions of curing
 m - 3 potions of brilliance
 p - a potion of stabbing {unknown}
 q - 2 potions of heal wounds {unknown}
 u - a potion of cancellation {unknown}
 x - a potion of degeneration {unknown}


   Skills:
 + Level 4.1 Dodging
 + Level 3.7 Stealth
 + Level 7.0 Spellcasting
 + Level 8.9 Ice Magic


You had 17 spell levels left.
You knew the following spells:

 Your Spells              Type           Power        Failure   Level
a - Freeze                Ice            ####         1%          1
b - Frozen Ramparts       Ice            #####.       1%          3

Your spell library contained the following spells:

 Spells                   Type           Power        Failure   Level
 Ozocubu's Armour         Ice            #####...     1%          3
 Ensorcelled Hibernation  Hex/Ice        ####..       3%          2
 Corona                   Hex            #......      13%         1
 Hailstorm                Conj/Ice       ####....     22%         4
 Summon Ice Beast         Ice/Summ       ####....     22%         4
 Confusing Touch          Hex            #.......     36%         3
 Dazzling Flash           Conj/Hex       #.....       36%         3
 Tukima's Dance           Hex            #.......     36%         3


Dungeon Overview and Level Annotations

Branches:
Dungeon (6/15)
 Temple: D:4-7

Altars:
Qazlal


Message History

An orc warrior comes into view. It is wielding a +0 battleaxe.
The orc priest looks satisfied for a moment.
An orc priest comes into view. It is wielding a +0 morningstar.
The orc priest begins to cast a cantrip, but forgets the words!
You climb upwards.
There is a stone staircase leading down, spattered with blood here.
You see here 2 arrows.
The centaur shoots an arrow.
The arrow misses you.
The centaur shoots an arrow.
The arrow hits you.
You see here an arrow.
The centaur shoots an arrow.
The arrow hits you.
The centaur shoots an arrow.
The arrow hits you!
* * * LOW HITPOINT WARNING * * *
You see here 2 arrows.
The centaur shoots an arrow.
The arrow barely misses you.
Casting: Freeze (safe; 1% risk of failure)
Confirm with . or Enter, or press ? or * to list all spells.
The walls around you are covered in ice.
The centaur shoots an arrow.
The arrow hits you!
You die...

#############
#...........######
#.#########.......
#@####### ########
############.(......
...
#....#.....(...#####
#..........#....#
####
#..........#.#..#
#...
#.......c..#.#..#
####...
#....#c#####'#..#
#...... ##.....#
#......# ......
#.....# #......#
.....


You could see a centaur.

Vanquished Creatures
  Prince Ribbit (D:5)
  An ogre (D:4)
  A bullfrog (D:4)
  2 orc priests
  A hound (D:4)
  3 orc wizards
  2 bullfrog skeletons (D:4)
  Natasha (thrice) (D:4)
  5 worker ants
  9 gnolls
  7 adders
  A shadow imp (D:5)
  A white imp (D:5)
  2 worms (D:2)
  3 dart slugs
  4 leopard geckos
  13 orcs
  2 ball pythons
  A giant cockroach (D:3)
  5 hobgoblins
  4 kobolds
  3 quokkas
  5 bats
  5 frilled lizards
  7 goblins
  A leopard gecko skeleton (D:4)
  6 rats
98 creatures vanquished.

Notes
Turn   | Place    | Note
-------+----------+-------------------------------------------
     0 | D:1      | YaKYVw9Xmp the Deep Elf Ice Elementalist began the quest
                  | for the Orb.
     0 | D:1      | Reached XP level 1. HP: 10/10 MP: 6/6
   355 | D:1      | Reached XP level 2. HP: 15/15 MP: 4/8
   796 | D:1      | Reached skill level 5 in Ice Magic
  1185 | D:1      | Reached XP level 3. HP: 6/19 MP: 4/9
  1417 | D:2      | Learned a level 3 spell: Frozen Ramparts
  1544 | D:2      | Noticed an ice beast
  1696 | D:2      | Reached XP level 4. HP: 19/24 MP: 8/11
  1860 | D:2      | Reached skill level 6 in Ice Magic
  2182 | D:2      | Reached XP level 5. HP: 22/28 MP: 9/13
  3009 | D:3      | Found a stormy altar of Qazlal.
  3549 | D:4      | Reached skill level 5 in Spellcasting
  3634 | D:4      | Reached skill level 7 in Ice Magic
  3641 | D:4      | Reached XP level 6. HP: 18/32 MP: 13/15
  4105 | D:4      | Noticed Natasha
  4109 | D:4      | Killed Natasha
  4257 | D:4      | Reached XP level 7. HP: 36/36 MP: 13/17
  4282 | D:4      | Reached skill level 8 in Ice Magic
  4312 | D:4      | Noticed Natasha
  4317 | D:4      | Killed Natasha
  4535 | D:4      | Noticed Natasha
  4544 | D:4      | Killed Natasha
  4797 | D:5      | Entered Level 5 of the Dungeon
  5304 | D:5      | Noticed Prince Ribbit
  5315 | D:5      | Killed Prince Ribbit
  5315 | D:5      | Reached XP level 8. HP: 25/41 MP: 12/20
  5531 | D:5      | Shot with an arrow by a centaur

Illustrated notes

Levels and vault maps discovered:
D:1:      wheals_arrival_shading, layout_basic, serial_co_window_serial,
          co_window_paths_a, co_window_paths_b, co_window_of_opportunity_a,
          co_window_paths_b, co_window_corner_a, co_window_corner_cb,
          co_window_of_opportunity_b, co_window_2corner, co_window_cross_2,
          co_window_corner_cb, co_window_corner_b, co_window_of_opportunity_b,
          glass_columns_a, glass_columns_b, glass_columns_b, glass_columns_a,
          glass_columns_c
D:2:      layout_basic, minmay_indecisive_spiral
D:3:      lemuel_upstairs_altar, layout_basic, grunt_qazlal_clouds
D:4:      layout_loops_ring, uniq_natasha
D:5:      kennysheep_kobold_camp, layout_basic, grunt_dithmenos_shadows,
          uniq_prince_ribbit1
D:6:      layout_cave_pools, serial_shops, nicolae_shop_window_shopping,
          uniq_grinder

Skill      XL: |  1  2  3  4  5  6  7 |
---------------+----------------------+-----
Ice Magic      | 5 6 7 8 |  8.9
Spellcasting   | 4 5 7 |  7.0
Dodging        | 3 4 |  4.1
Stealth        | 3 |  3.7

Action                   |  1- 3 |  4- 6 |  7- 9 || total
-------------------------+-------+-------+-------++-------
Melee: Dagger            |    22 |       |       ||    22
       Short sword       |       |    54 |    31 ||    85
Throw: Throwing net      |       |       |     1 ||     1
 Cast: Freeze            |    23 |    40 |    28 ||    91
       Frozen Ramparts   |     1 |     8 |     9 ||    18
  Use: Scroll            |     1 |     6 |       ||     7
 Stab: Sleeping          |     6 |     3 |     1 ||    10
       Distracted        |       |     1 |       ||     1
Armor: Robe              |     5 |       |       ||     5
       Leather armour    |       |     8 |     4 ||    12
Dodge: Dodged            |    17 |    74 |    46 ||   137

Table legend: (Time is in decaauts)
 A = Elapsed time spent in this place.
 B = Non-inter-level travel time spent in this place.
 C = Inter-level travel time spent in this place.
 D = Time resting spent in this place.
 E = Time spent auto-exploring this place.
 F = Levels seen in this place.
 G = Mean time per level.
                   A        B        C        D        E       F      G
               +--------+--------+--------+--------+--------+-----+--------+
         Total |   5539 |   5232 |    307 |   1143 |   2075 |   6 |  923.2 |
       Dungeon |   5539 |   5232 |    307 |   1143 |   2075 |   6 |  923.2 |
               +--------+--------+--------+--------+--------+-----+--------+

Top non-repeatable levels by time:
     D:1: 1686 daAuts
     D:4: 1398 daAuts
     D:3: 954 daAuts
     D:2: 885 daAuts
     D:5: 609 daAuts
     D:6: 5 daAuts
